 Dungeon Crawl Stone Soup version 0.23.1 (webtiles) character file.

Game seed: 0

25519 Fang the Fighter (level 13, -3/86 HPs)
             Began as a Gargoyle Berserker on Mar 11, 2019.
             Was a High Priest of Trog.
             Slain by a 17-headed hydra (5 damage)
             ... on level 5 of the Lair of Beasts.
             The game lasted 00:22:53 (16545 turns).

Fang the Fighter (Gargoyle Berserker)              Turns: 16545, Time: 00:22:53

Health: -3/86      AC: 32    Str: 26    XL:     13   Next: 20%
Magic:  13/13      EV: 12    Int: 14    God:    Trog [*****.]
Gold:   1034       SH:  0    Dex: 13    Spells: 12/12 levels left

rFire    + . .     SeeInvis +   D - +7 hand axe of Gozag's Hatred {freeze, MR+ Dex+4 SInv Stlth+}
rCold    . . .     Gourm    .   (no shield)
rNeg     + . .     Faith    .   l - +1 plate armour
rPois    ∞         Spirit   .   (no helmet)
rElec    +         Reflect  .   q - scarf {cloud immunity}
rCorr    .         Harm     .   r - +2 pair of gloves
MR       ++...                  k - +1 pair of boots
Stlth    ..........             i - amulet of Tyiher {rF+ MR+ Regen+ Str+2}
HPRegen  0.64/turn              n - +4 ring of intelligence
MPRegen  0.13/turn              y - ring of see invisible

@: berserk cooldown, starving, slowed, very slow
A: negative energy resistance 1, electricity resistance, unbreathing,
petrification resistance, rot immunity, AC +9
a: Berserk, Trog's Hand, Brothers in Arms, Renounce Religion


You were on level 5 of the Lair of Beasts.
You worshipped Trog.
Trog was extremely pleased with you.
You were starving.

You visited 3 branches of the dungeon, and saw 16 of its levels.
You also visited: Sewer.

You collected 1229 gold pieces.
You spent 195 gold pieces at shops.

Inventory:

Hand Weapons
 a - a +4 war axe of freezing
 g - the +4 hand axe "Undertaker" {holy, MR++ Int+2 Dex+3 Stlth-}
   (You found it on level 7 of the Dungeon)

   It has been blessed by the Shining One to cause great damage to the undead
   and demons.
   It affects your intelligence (+2).
   It affects your dexterity (+3).
   It affects your resistance to hostile enchantments.
   It makes you less stealthy.
 z - a +4 war axe
 D - the +7 hand axe of Gozag's Hatred (weapon) {freeze, MR+ Dex+4 SInv Stlth+}
   (You found it on level 3 of the Lair of Beasts)

   It has been specially enchanted to freeze those struck by it, causing extra
   injury to most foes and up to half again as much damage against particularly
   susceptible opponents.
   It can also slow down cold-blooded creatures.
   It affects your dexterity (+4).
   It affects your resistance to hostile enchantments.
   It lets you see invisible.
   It makes you more stealthy.
 H - a +6 executioner's axe of freezing
 J - a +3 antimagic battleaxe
Armour
 k - a +1 pair of boots (worn)
 l - a +1 plate armour (worn)
 q - a scarf of cloud immunity (worn)
 r - a +2 pair of gloves (worn)
Jewellery
 i - the amulet of Tyiher (around neck) {rF+ MR+ Regen+ Str+2}
   (You found it on level 1 of the Lair of Beasts)

   [amulet of regeneration]

   It affects your strength (+2).
   It protects you from fire.
   It affects your resistance to hostile enchantments.
   It increases your rate of regeneration.
 n - a +4 ring of intelligence (left hand)
 y - a ring of see invisible (right hand)
 A - an uncursed ring of protection from fire
Wands
 f - a wand of digging (11)
 t - a wand of random effects (29)
 E - a wand of scattershot (7)
 F - a wand of iceblast (7)
Scrolls
 b - 7 scrolls of identify
 h - 8 scrolls of remove curse
 o - 8 scrolls of teleportation
 w - 2 scrolls of fog
 C - a scroll of magic mapping
Potions
 d - 6 potions of lignification
 e - 2 potions of mutation
 j - 3 potions of curing
 m - 7 potions of agility
 p - a potion of berserk rage
 s - 2 potions of magic
 u - 5 potions of haste
 v - 2 potions of cancellation
 x - 2 potions of ambrosia
 B - a potion of flight
 G - 2 potions of brilliance {unknown}
Comestibles
 c - 28 rations


   Skills:
 + Level 12.3 Fighting
 + Level 10.5 Axes
 + Level 12.1 Armour
 + Level 9.5 Dodging


You had 12 spell levels left.
You didn't know any spells.
Your spell library was empty.

Dungeon Overview and Level Annotations

Branches:
Dungeon (10/15)            Temple (1/1) D:5            Lair (5/6) D:9
  Swamp (0/4) Lair:2        Snake (0/4) Lair:3        Slime (0/5) Lair:5
    Orc: D:9-12

Altars:
Ashenzari
Elyvilon
Fedhas
Gozag
Hepliaklqana
Kikubaaqudgha
Nemelex Xobeh
Okawaru
Sif Muna
Trog
Uskayaw
Xom
Yredelemnul
The Shining One

Shops:
D:5 (   D:6 *   D:7 [[([   D:9 (


Innate Abilities, Weirdness & Mutations

You are resistant to torment.
Your stone body is resilient. (AC +9)
You are immune to poison.
You resist negative energy. (rN+)
You are resistant to electric shocks. (rElec)
You can survive without breathing.
You are immune to petrification.
You are immune to rotting.


Message History

You are starving!
The elephant tramples you!
* * * LOW HITPOINT WARNING * * *
You stumble backwards!
The 17-headed hydra bites your ogre! The 17-headed hydra bites your ogre. x3
The 17-headed hydra completely misses your ogre.
The 17-headed hydra closely misses your ogre.
The 17-headed hydra bites your ogre! x2
Your ogre dies!
Your ogre's corpse disappears in a puff of smoke!
The elephant closely misses you. The elephant barely misses you.
The elephant tramples you but does no damage.
The elephant closely misses you. The elephant barely misses you.
The elephant closely misses you.
You feel better. The elephant misses you.
The elephant trunk-slaps you but does no damage.
The 17-headed hydra bites you!
* * * LOW HITPOINT WARNING * * *
The 17-headed hydra bites you.
You die...

#....#......#P..####.......#
............................
..........P.#.P#..#....#.P......P
..............................<..
.P..........PPP....#...P..P......
.............................<...
.#.....................P....P....
...............D.................
P.#PP...P.P....Y@................
...............Y.................
†#...............................
†††..............................
##...#..P....##P..........P..#.##
..#.P#.P#...P###...............##
...................PP............
#.....##.##......#.#P..# .#..#.##
####################### #### #


You could see a 17-headed hydra and 2 elephants.

Vanquished Creatures
  Josephine (Lair:4)
  Harold (D:10)
  A hydra (Lair:5)
  2 two-headed ogres
  An elephant (Lair:5)
  A black mamba (Lair:2)
  A komodo dragon (Lair:3)
  11 spiny frogs
  2 centaur skeletons (D:10)
  2 rime drakes
  3 trolls
  8 blink frogs (Lair:5)
  6 hippogriffs
  2 slime creatures (Lair:5)
  A wyvern (D:10)
  A spriggan (D:8)
  4 wraiths
  8 yaks
  Grum (D:10)
  4 basilisks
  A hungry ghost (D:7)
  2 steam dragons (D:5)
  A naga (Lair:3)
  8 water moccasins
  Duvessa (D:6)
  5 orc warriors
  5 porcupines
  3 ice beasts
  2 sky beasts
  2 phantoms
  4 black bears
  6 ogres
  4 necrophages (Lair:3)
  2 wolves (D:10)
  5 centaurs
  5 crocodiles
  A big kobold (D:7)
  Blork the orc (D:5)
  18 bullfrogs
  A gnoll sergeant (D:10)
  Dowan (D:6)
  A water moccasin zombie (D:6)
  4 scorpions
  3 killer bees (D:10)
  13 wights
  2 howler monkeys
  4 crimson imps
  2 centaur zombies
  5 jellies
  5 orc priests
  7 hounds
  A gnoll shaman (D:8)
  3 iguanas
  9 orc wizards
  A bullfrog skeleton (D:10)
  6 worker ants
  A hound skeleton (D:9)
  A worker ant zombie (D:5)
  16 gnolls
  17 adders
  A howler monkey skeleton (D:8)
  3 river rats (D:3)
  2 shadow imps
  An adder skeleton (D:9)
  4 worms
  2 dart slugs
  7 leopard geckos
  36 orcs
  6 ball pythons
  2 giant cockroaches
  6 goblins (D:2)
  6 hobgoblins
  19 jackals
  5 quokkas
  A ball python zombie (D:6)
  11 bats
  8 frilled lizards
  A jackal skeleton (D:7)
  A jackal zombie (D:5)
  16 kobolds
  A leopard gecko skeleton (D:8)
  A quokka zombie (D:8)
  7 rats
  4 fungi
  2 plants
393 creatures vanquished.

Vanquished Creatures (collateral kills)
  3 hydras
  An elephant (Lair:5)
  A blink frog (Lair:5)
  A water moccasin (Lair:1)
  A porcupine (Lair:1)
  An ice beast (D:10)
  A crocodile (Lair:1)
  A wight (D:10)
10 creatures vanquished.

Vanquished Creatures (others)
  5 fungi
  4 plants (D:5)
9 creatures vanquished.

Grand Total: 412 creatures vanquished

Notes
Turn   | Place    | Note
-------+----------+-------------------------------------------
     0 | D:1      | Fang the Gargoyle Berserker began the quest for the Orb.
     0 | D:1      | Reached XP level 1. HP: 14/14 MP: 1/1
   108 | D:1      | Reached XP level 2. HP: 15/19 MP: 2/2
   929 | D:2      | Reached XP level 3. HP: 24/24 MP: 3/3
  1069 | D:2      | Reached ** piety under Trog
  1169 | D:2      | Reached XP level 4. HP: 28/29 MP: 4/4
  1191 | D:2      | Reached XP level 5. HP: 33/33 MP: 5/5
  1211 | D:2      | Reached XP level 6. HP: 32/39 MP: 6/6
  2209 | D:3      | Found a glowing drain.
  2213 | Sewer    | Entered a sewer
  2553 | Sewer    | Reached *** piety under Trog
  2944 | D:3      | Reached skill level 5 in Fighting
  2978 | D:3      | Found a sparkling altar of Nemelex Xobeh.
  3190 | D:3      | Found a shimmering altar of Xom.
  3258 | D:3      | Noticed an orc warrior
  3275 | D:3      | Killed an orc warrior
  3275 | D:3      | Reached XP level 7. HP: 44/44 MP: 7/7
  4302 | D:4      | Found a deep blue altar of Sif Muna.
  4571 | D:5      | Entered Level 5 of the Dungeon
  4579 | D:5      | Found a staircase to the Ecumenical Temple.
  4673 | D:5      | Reached skill level 5 in Armour
  4692 | D:5      | Found a basalt altar of Yredelemnul.
  4719 | D:5      | Reached XP level 8. HP: 46/51 MP: 8/8
  4753 | D:5      | Found a transporter.
  4756 | D:5      | Reached **** piety under Trog
  4761 | D:5      | Noticed a hippogriff
  4765 | D:5      | Found an iron altar of Okawaru.
  4777 | D:5      | Reached skill level 5 in Axes
  5030 | D:5      | Found a transporter.
  5148 | D:5      | Killed a hippogriff
  5238 | D:5      | Found a blossoming altar of Fedhas.
  5240 | D:5      | Found an ancient bone altar of Kikubaaqudgha.
  5249 | D:5      | Noticed Blork the orc
  5256 | D:5      | Killed Blork the orc
  5303 | D:5      | Found Fumof's Antique Weapon Boutique.
  5390 | D:5      | Reached XP level 9. HP: 22/57 MP: 9/9
  5575 | D:5      | Reached skill level 5 in Dodging
  6016 | Temple   | Entered the Ecumenical Temple
  6072 | D:6      | Noticed Duvessa
  6074 | D:6      | Noticed Dowan
  6108 | D:6      | Killed Duvessa
  6111 | D:6      | Killed Dowan
  6348 | D:6      | Found a hide-covered altar of Uskayaw.
  6672 | D:6      | Found an opulent altar of Gozag.
  6674 | D:6      | Found Gozag's Platinum Reserve.
  7287 | D:7      | Found a white marble altar of Elyvilon.
  7297 | D:7      | Found a glowing golden altar of the Shining One.
  7381 | D:7      | Reached XP level 10. HP: 55/64 MP: 10/10
  7395 | D:7      | Reached ***** piety under Trog
  7617 | D:7      | Found Yrchoix's Antique Armour Shop.
  7619 | D:7      | Found Rol Qonk's Antique Armour Emporium.
  7626 | D:7      | Bought a runed cloak for 195 gold pieces
  7687 | D:7      | Got an iridescent hand axe
  7688 | D:7      | Identified the +4 hand axe "Undertaker" {holy, MR++ Int+2
                  | Dex+3 Stlth-} (You found it on level 7 of the Dungeon)
  7710 | D:7      | Found Kudedeplis's Antique Armour Shop.
  7760 | D:7      | Found Agreac's Weapon Shop.
  8515 | D:8      | Noticed a two-headed ogre
  8522 | D:8      | Killed a two-headed ogre
  8737 | D:8      | Found a bloodstained altar of Trog.
  8796 | D:8      | Found a hazy altar of Hepliaklqana.
  8836 | D:8      | Received a gift from Trog
  9099 | D:8      | Found a shattered altar of Ashenzari.
  9118 | D:8      | Reached XP level 11. HP: 43/71 MP: 11/11
  9423 | D:9      | Found Ruonku's Antique Weapon Shoppe.
  9608 | D:9      | Found a staircase to the Lair.
  9697 | D:9      | Found a shimmering altar of Xom.
  9703 | D:9      | Found a shimmering altar of Xom.
  9704 | D:9      | Found a shimmering altar of Xom.
  9704 | D:9      | Found a shimmering altar of Xom.
  9705 | D:9      | Found a shimmering altar of Xom.
  9719 | D:9      | Noticed a two-headed ogre
  9729 | D:9      | Killed a two-headed ogre
  9729 | D:9      | Reached skill level 10 in Fighting
  9821 | D:9      | Noticed an unseen horror
 10229 | D:9      | Noticed a moth of wrath
 10441 | D:10     | Entered Level 10 of the Dungeon
 10441 | D:10     | Noticed Harold
 10478 | D:10     | Killed Harold
 10494 | D:9      | Noticed a harpy
 10717 | D:9      | a harpy changed into a basilisk
 10821 | D:10     | Noticed a six-headed hydra
 10849 | D:9      | Killed a seven-headed hydra
 10849 | D:9      | Reached skill level 10 in Armour
 11286 | D:10     | Noticed Grum
 11319 | D:10     | Killed Grum
 12183 | Lair:1   | Entered Level 1 of the Lair of Beasts
 12282 | Lair:1   | Noticed an eight-headed hydra
 12297 | Lair:1   | Killed an eight-headed hydra
 12327 | Lair:1   | Found an ancient bone altar of Kikubaaqudgha.
 12361 | Lair:1   | Reached XP level 12. HP: 27/79 MP: 12/12
 12816 | Lair:1   | Got a scintillating zirconium amulet
 12841 | Lair:1   | Noticed a seven-headed hydra
 12852 | Lair:1   | Killed a nine-headed hydra
 13861 | Lair:2   | Identified the amulet of Tyiher {rF+ MR+ Regen+ Str+2} (You
                  | found it on level 1 of the Lair of Beasts)
 13918 | Lair:2   | Found a staircase to the Swamp.
 14558 | Lair:3   | Got a smoking hand axe
 14559 | Lair:3   | Identified the +7 hand axe of Gozag's Hatred {freeze, MR+
                  | Dex+4 SInv Stlth+} (You found it on level 3 of the Lair of
                  | Beasts)
 14826 | Lair:3   | Found a staircase to the Snake Pit.
 15320 | Lair:4   | Noticed Josephine
 15334 | Lair:4   | Killed Josephine
 15334 | Lair:4   | Reached skill level 10 in Axes
 15898 | Lair:4   | Identified a scroll of acquirement
 16151 | Lair:5   | Found a staircase to the Slime Pits.
 16208 | Lair:5   | Reached XP level 13. HP: 44/86 MP: 13/13
 16347 | Lair:5   | Received a gift from Trog
 16543 | Lair:5   | HP: 3/86 [elephant (9)]
 16545 | Lair:5   | Slain by a 17-headed hydra

Skill      XL: |  1  2  3  4  5  6  7  8  9 10 11 12 13 |
---------------+----------------------------------------+-----
Axes           | 3 4 5 6 8 9 10 | 10.5
Dodging        | 2 3 4 5 7 8 9 |  9.5
Fighting       | 4 5 7 8 9 10 12 | 12.3
Armour         | 3 4 5 6 7 9 10 11 12 | 12.1

Action                   |  1- 3 |  4- 6 |  7- 9 | 10-12 | 13-15 || total
-------------------------+-------+-------+-------+-------+-------++-------
Melee: Hand axe          |    87 |   343 |    35 |   846 |    36 ||  1347
       War axe           |       |       |   429 |    42 |       ||   471
       Spear             |       |       |    24 |       |       ||    24
       Executioner's axe |       |       |       |    24 |    10 ||    34
Invok: Berserk           |     1 |     2 |     6 |     6 |     2 ||    17
       Trog's Hand       |       |       |       |     1 |       ||     1
       Brothers in Arms  |       |       |       |     6 |     3 ||     9
  Use: Scroll            |       |       |    16 |    14 |       ||    30
       Potion            |       |       |       |     2 |     3 ||     5
 Stab: Sleeping          |     2 |       |       |       |       ||     2
  Eat: Chunk             |     2 |     8 |    15 |    37 |     2 ||    64
       Ration            |       |       |     2 |     1 |       ||     3
Armor: Animal skin       |    10 |       |       |       |       ||    10
       Plate armour      |    54 |   227 |   406 |   696 |   144 ||  1527
Dodge: Dodged            |    49 |   110 |   232 |   518 |   127 ||  1036
